 Dungeon Crawl Stone Soup version 0.31-a0-277-g31ea1f65cc (webtiles) character file.

Game seed: 13489085727540628177

59960 BubbleThief the Warrior (level 14, -15/144 HPs)
             Began as a Demonspawn Necromancer on July 14, 2023.
             Was the Champion of Kikubaaqudgha.
             Killed from afar by Azrael (31 damage)
             ... with damnation
             ... on level 2 of the Orcish Mines on July 16, 2023.
             The game lasted 00:39:33 (23187 turns).

BubbleThief the Warrior (Demonspawn Necromancer)   Turns: 23187, Time: 00:39:34

Health: -15/144    AC: 18    Str: 16    XL:     14   Next: 55%
Magic:  20/22      EV: 17    Int: 16    God:    Kikubaaqudgha [******]
Gold:   983        SH:  5    Dex: 14    Spells: 12/24 levels left

rFire   + . .        k - +10 dagger of Laceration {pain, Str+2 Stlth+}
rCold   + . .        (no shield)
rNeg    + . .        U - +3 leather armour {Will+}
rPois   +            J - +2 hat
rElec   +            l - +1 cloak of Aloceemy {rElec rN+}
rCorr   +            n - +0 pair of gloves
SInv    .            (no boots)
Will    ++...        u - amulet of reflection
Stlth   +++          A - ring of poison resistance
HPRegen 0.44/turn    Q - +4 ring of protection
MPRegen 0.18/turn

%: reflection
@: resistant
A: claws 2, rugged brown scales 3, icemail 2, spiny 1, condensation shield
a: Renounce Religion, Unearth Wretches, Torment


You were on level 2 of the Orcish Mines.
You worshipped Kikubaaqudgha.
Kikubaaqudgha was exalted by your worship.
You visited 4 branches of the dungeon, and saw 20 of its levels.
You visited 1 bazaar.

You collected 1820 gold pieces.
You spent 837 gold pieces at shops.

Inventory:

Hand Weapons
 k - the +10 dagger of Laceration (weapon) {pain, Str+2 Stlth+}
   (You found it on level 5 of the Dungeon)

   Str:       It affects your strength (+2).
   Stlth:     It makes you more stealthy.
Missiles
 S - a throwing net
Armour
 l - the +1 cloak of Aloceemy (worn) {rElec rN+}
   (You found it on level 4 of the Lair of Beasts)

   rElec:     It insulates you from electricity.
   rN:        It protects you from negative energy.
 n - a +0 pair of gloves (worn)
 J - a +2 hat (worn)
 U - a +3 leather armour of willpower (worn)
Jewellery
 u - an amulet of reflection (around neck)
 z - an amulet of magic regeneration
 A - a ring of poison resistance (left hand)
 Q - a +4 ring of protection (right hand)
 R - a +4 ring of protection
Talismans
 E - a beast talisman
 L - a maw talisman
Wands
 F - a wand of iceblast (15)
 K - a wand of digging (3)
 N - a wand of flame (15)
Scrolls
 d - 2 scrolls of blinking
 e - 2 scrolls of fog
 f - 2 scrolls of fear
 g - 3 scrolls of identify
 j - 4 scrolls of enchant armour
 s - 3 scrolls of immolation
 t - 3 scrolls of amnesia
 v - 3 scrolls of teleportation
 x - a scroll of brand weapon
 C - a scroll of vulnerability
 G - a scroll of revelation
 I - 3 scrolls of enchant weapon
 O - 2 scrolls of poison
 P - a scroll of butterflies {unknown}
Potions
 a - a potion of lignification
 c - 2 potions of cancellation
 h - 2 potions of enlightenment
 i - 12 potions of curing
 m - 3 potions of mutation
 p - 3 potions of attraction
 q - 2 potions of invisibility
 r - a potion of experience
 w - 6 potions of heal wounds
 B - a potion of resistance
 H - 2 potions of haste
 M - 2 potions of berserk rage
 T - a potion of brilliance
Miscellaneous
 o - a phantom mirror
 D - a box of beasts


   Skills:
 - Level 20.0 Fighting
 - Level 12.0 Dodging
 - Level 2.4 Stealth
 + Level 5.5 Spellcasting
 * Level 9.6 Necromancy


You had 12 spell levels left.
You knew the following spells:

 Your Spells              Type           Power      Damage    Failure   Level
a - Necrotise             Necr           100%       1d9       1%          1
b - Vampiric Draining     Necr           35%        2d8       1%          3
c - Animate Dead          Necr           35%        N/A       3%          4
d - Dispel Undead         Necr           35%        3d15      3%          4

Your spell library contained the following spells:

 Spells                   Type           Power      Damage    Failure   Level
 Sublimation of Blood     Necr           35%        N/A       1%          2
 Kiss of Death            Conj/Necr      76%        2d11      2%          1
 Cigotuvi's Dreadful Rot  Necr/Pois/Air  28%        N/A       7%          2
 Agony                    Necr           35%        N/A       10%         5
 Freeze                   Ice            16%        1d4       19%         1
 Magic Dart               Conj           16%        1d3       19%         1
 Sandblast                Erth           8%         2d5       19%         1
 Slow                     Hex            16%        N/A       19%         1
 Anguish                  Hex/Necr       9%         N/A       24%         4
 Lesser Beckoning         Tloc           8%         N/A       26%         2
 Passwall                 Tmut/Erth      3%         N/A       26%         2
 Scorch                   Fire           8%         2d5       26%         2
 Searing Ray              Conj           8%         2d4       26%         2
 Death Channel            Necr           17%        N/A       45%         6
 Confusing Touch          Hex            4%         N/A       47%         3
 Frozen Ramparts          Ice            8%         1d2       47%         3
 Gell's Gravitas          Tloc           4%         N/A       47%         3
 Hailstorm                Conj/Ice       4%         3d4       47%         3
 Stone Arrow              Conj/Erth      8%         3d7       47%         3
 Teleport Other           Tloc           4%         N/A       47%         3
 Borgnjor's Vile Clutch   Necr/Erth      9%         N/A       56%         5
 Cause Fear               Hex            2%         N/A       87%         4
 Flame Wave               Conj/Fire      4%         2d5       87%         4
 Fulminant Prism          Conj/Hex       2%         3d5       87%         4
 Summon Ice Beast         Ice/Summ       4%         N/A       87%         4
 Simulacrum               Ice/Necr       9%         N/A       98%         6
 Summon Mana Viper        Hex/Summ       4%         N/A       99%         5
 Dispersal                Tloc           2%         N/A       100%        6
 Summon Cactus Giant      Summ           2%         N/A       100%        6
 Enfeeble                 Hex            2%         N/A       100%        7
 Haunt                    Necr/Summ      9%         N/A       100%        7
 Monstrous Menagerie      Summ           2%         N/A       100%        7
 Borgnjor's Revivificati  Necr           17%        N/A       100%        8
 Infestation              Necr           17%        N/A       100%        8
 Death's Door             Necr           17%        N/A       100%        9


Dungeon Overview and Level Annotations

Branches:
Dungeon (12/15)            Temple (1/1) D:5            Lair (5/5) D:9
  Swamp (0/4) Lair:2        Snake (0/4) Lair:2        Slime (0/5) Lair:4
    Orc (2/2) D:9             Elf (0/3) Orc:2

Altars:
Ashenzari
Cheibriados
Dithmenos
Fedhas
Gozag
Hepliaklqana
Kikubaaqudgha
Makhleb
Nemelex Xobeh
Okawaru
Qazlal
Ru
Sif Muna
Trog
Uskayaw
Vehumet
Wu Jian
Xom
Jiyva

Shops:
D:9 (

Annotations:
Orc:2 Azrael


Innate Abilities, Weirdness & Mutations

You have very sharp fingernails.
You are completely covered in rugged brown scales. (AC +3, +7% HP)
A meltable icy envelope protects you from harm. (AC +0)
You are partially covered in sharp spines.
A meltable shield of frost defends you. (SH +0)


Message History

Azrael's eyes look fiery.
The fire elemental hits you. The fire elemental burns you! You resist.
* * * LOW HITPOINT WARNING * * *
You hit the fire elemental.
The fire elemental is almost destroyed.
The fire elemental is struck by your spines.
You destroy the fire elemental!
Kikubaaqudgha accepts your kill.
An orc comes into view.
It is wielding a +1 hand axe of flaming.
Unknown command.
You hit Azrael but do no damage. Azrael hits you but does no damage.
You hit Azrael but do no damage. Azrael is struck by your spines.
Azrael closely misses you.
You barely miss Azrael.
Azrael is lightly wounded.
Azrael gestures at you.
The sphere of damnation explodes!
The damnation engulfs you!
* * * LOW HITPOINT WARNING * * *
The damnation engulfs Azrael.
Azrael completely resists.
You hear a shout! x2
You feel much better. Azrael gestures at you. The bolt of fire hits you!
You resist.
* * * LOW HITPOINT WARNING * * *
The bolt of fire hits the orc!!
The orc dies!
You hit Azrael but do no damage.
Azrael is lightly wounded.
Azrael gestures at you.
The sphere of damnation explodes!
The damnation engulfs you!
* * * LOW HITPOINT WARNING * * *
The damnation engulfs Azrael.
Azrael completely resists.
Unknown command.
You puncture Azrael!
Azrael is lightly wounded.
An orc priest comes into view. It is wielding a +0 mace.
Azrael gestures at you.
The sphere of damnation explodes!
The damnation engulfs you!!
You die...
Kikubaaqudgha rasps: "You have failed me!
Welcome... death!"

.^#...#.........######..###.###.#
..............°..................
.........#.......................
#.........##..°.##**#...#........
...........#..☼.# *#..##.#.#...
..............○## ###...........
...........°#.☼○# ##.#..#..#.....
......~)~~...#.####..............
....~~≈~)..)..ER@)()...o.........
...~~≈~∩)......####.##...........
.~≈~≈≈~~.~..).## *#####..........
....≈~~~≈~..### **,*#............
...........## *$..............<
..........## *#.##............
.........## #*#.......o.<...
..#.......## ##.#..........
...........# #.......^.....


You could see Azrael, a fire elemental and an orc priest.

Vanquished Creatures
  An orc warlord (Orc:2)
  A dire elephant (Lair:5)
  Snorg (Orc:2)
  3 hydras (Lair:3)
  2 boulder beetles
  2 catoblepae (Lair:5)
  Erica (Lair:2)
  6 two-headed ogres
  A deep troll shaman (Lair:5)
  3 death yaks (Lair:5)
  A skyshark (Lair:2)
  An orc sorcerer (Orc:1)
  3 manticores (D:12)
  A cyclops (D:12)
  6 black mambas
  16 elephants
  2 gargoyles
  7 cane toads
  An unseen horror (D:10)
  A kobold demonologist (D:11)
  2 rime drakes (Lair:3)
  6 komodo dragons
  5 trolls
  3 polar bears
  13 blink frogs
  A dream sheep (Lair:5)
  A slime creature (Lair:4)
  2 shadows
  A vampire (D:9)
  5 fire elementals (Orc:2)
  3 wyverns
  37 yaks
  5 basilisks
  A steam dragon (D:7)
  2 vampire mosquitoes
  4 nagas (Lair:2)
  3 wargs
  Edmund (D:6)
  3 acid dragons
  A hell hound (Orc:2)
  14 water moccasins
  Duvessa (D:4)
  9 orc warriors
  5 ice beasts
  2 sky beasts (D:8)
  5 black bears
  4 ogres
  3 centaurs
  11 wolves
  3 phantoms
  6 kobold brigands
  13 bullfrogs
  2 scorpions
  A gnoll sergeant (D:9)
  Dowan (D:4)
  7 killer bees (D:9)
  A howler monkey (D:9)
  An electric eel (Lair:3)
  3 hounds
  2 jellies
  9 orc priests
  A sleepcap (D:6)
  A gnoll bouda (D:9)
  Jessica (D:3)
  Natasha (D:2)
  6 iguanas
  21 orc wizards
  4 hell rats (Lair:5)
  10 gnolls
  6 adders
  A white imp (D:8)
  2 worms
  3 dart slugs
  59 orcs
  6 ball pythons
  10 endoplasms
  2 giant cockroaches
  10 goblins
  7 hobgoblins
  28 kobolds
  11 quokkas
  7 bats
  10 frilled lizards
  4 rats
473 creatures vanquished.

Vanquished Creatures (collateral kills)
  2 hydras
  A black mamba (Lair:2)
  8 elephants
  2 cane toads (Lair:1)
  2 komodo dragons
  A polar bear (Lair:5)
  2 blink frogs (Lair:4)
  4 dream sheep (Lair:5)
  A shadow (D:11)
  3 wyverns
  2 slime creatures (Lair:4)
  7 yaks
  3 nagas (Lair:2)
  4 water moccasins
  An orc warrior (Orc:2)
  7 wolves
  A bullfrog (Lair:1)
  A killer bee (D:9)
  3 orcs
  A giant cockroach (D:3)
  A quokka (D:4)
  A kobold zombie (D:6)
58 creatures vanquished.

Vanquished Creatures (others)
  A death yak zombie (Lair:5)
  A black mamba zombie (Lair:5)
  A two-headed ogre zombie (D:12)
  A cane toad zombie (Lair:4)
  3 blink frog zombies (Lair:5)
  An elephant zombie (Lair:4)
  6 water moccasin zombies
  2 warg zombies (Orc:2)
  A polar bear zombie (Lair:5)
  A troll zombie (D:9)
  6 yak zombies
  4 wolf zombies (Lair:5)
  A black bear zombie (Lair:5)
  3 bullfrog zombies
  3 killer bee zombies (D:9)
  4 naga zombies (Lair:2)
  9 orc zombies
  7 gnoll zombies
  An orc (Orc:2)
  6 kobold zombies
62 creatures vanquished.

Grand Total: 593 creatures vanquished

Notes
Turn   | Place    | Note
-------+----------+-------------------------------------------
     0 | D:1      | BubbleThief the Demonspawn Necromancer began the quest for
                  | the Orb.
     0 | D:1      | Reached XP level 1. HP: 13/13 MP: 3/3
   344 | D:1      | Gained mutation: A meltable shield of frost defends you.
                  | (SH +0) [demonic ancestry]
   344 | D:1      | Reached XP level 2. HP: 19/19 MP: 1/5
  1159 | D:1      | Reached XP level 3. HP: 24/24 MP: 3/6
  2235 | D:2      | Reached skill level 5 in Necromancy
  2494 | D:2      | Gained mutation: A meltable icy envelope protects you from
                  | harm. (AC +0) [demonic ancestry]
  2494 | D:2      | Reached XP level 4. HP: 30/30 MP: 6/8
  2646 | D:2      | You fall into a shaft and drop 2 floors!
  2898 | D:3      | Noticed Jessica
  2903 | D:3      | Killed Jessica
  3106 | D:3      | Gained mutation: You are partially covered in rugged brown
                  | scales. (AC +1, +3% HP) [demonic ancestry]
  3106 | D:3      | Reached XP level 5. HP: 17/36 MP: 1/9
  3459 | D:2      | Noticed Natasha
  3484 | D:2      | Killed Natasha
  3489 | D:2      | Learned a level 3 spell: Vampiric Draining
  3494 | D:2      | Learned a level 4 spell: Animate Dead
  4390 | D:4      | Reached XP level 6. HP: 42/42 MP: 6/11
  4537 | D:4      | Noticed Dowan
  4539 | D:4      | Noticed Duvessa
  4563 | D:4      | Killed Duvessa
  4569 | D:4      | Killed Dowan
  4982 | D:5      | Entered Level 5 of the Dungeon
  5048 | D:5      | Reached skill level 1 in Fighting
  5048 | D:5      | Gained mutation: You are mostly covered in rugged brown
                  | scales. (AC +2, +5% HP) [demonic ancestry]
  5048 | D:5      | Reached XP level 7. HP: 43/50 MP: 7/13
  5053 | D:5      | Identified the +2 robe "Sesietal" {Will+}
  5213 | D:5      | Reached skill level 2 in Fighting
  5217 | D:5      | Identified the +10 dagger of Laceration {pain, Str+2
                  | Stlth+}
  5255 | D:5      | Reached skill level 3 in Fighting
  5309 | D:5      | Reached skill level 4 in Fighting
  5416 | D:5      | Reached skill level 5 in Fighting
  5469 | D:5      | Gained mutation: You have sharp fingernails. [demonic
                  | ancestry]
  5469 | D:5      | Reached XP level 8. HP: 53/66 MP: 8/14
  5599 | D:5      | Reached skill level 6 in Fighting
  5667 | D:5      | Found a staircase to the Ecumenical Temple.
  5671 | Temple   | Entered the Ecumenical Temple
  5724 | Temple   | Became a worshipper of Kikubaaqudgha
  5974 | D:6      | Found a transporter.
  6070 | D:6      | Reached skill level 7 in Fighting
  6163 | D:6      | Reached * piety under Kikubaaqudgha
  6163 | D:6      | Received a gift from Kikubaaqudgha
  6200 | D:6      | Noticed Edmund
  6214 | D:6      | Killed Edmund
  6215 | D:6      | Reached skill level 8 in Fighting
  6545 | D:6      | Found a transporter.
  6604 | D:6      | Reached skill level 9 in Fighting
  6607 | D:6      | Gained mutation: You are completely covered in rugged brown
                  | scales. (AC +3, +7% HP) [demonic ancestry]
  6607 | D:6      | Reached XP level 9. HP: 33/81 MP: 15/15
  7282 | D:7      | Reached skill level 10 in Fighting
  8052 | D:8      | Found a bloodstained altar of Trog.
  8059 | D:8      | Reached ** piety under Kikubaaqudgha
  8060 | D:8      | Reached skill level 11 in Fighting
  8254 | D:8      | Noticed a gargoyle
  8411 | D:9      | Found Oppia's Weapon Emporium.
  8492 | D:9      | Reached skill level 12 in Fighting
  8727 | D:9      | Noticed a komodo dragon
  8742 | D:9      | Killed a komodo dragon
  8743 | D:9      | Gained mutation: You are partially covered in sharp spines.
                  | [demonic ancestry]
  8743 | D:9      | Reached XP level 10. HP: 49/96 MP: 16/16
  8988 | D:9      | Noticed a two-headed ogre
  9008 | D:9      | Killed a two-headed ogre
  9009 | D:9      | Reached skill level 13 in Fighting
  9030 | D:9      | Found a staircase to the Lair.
  9110 | D:9      | Noticed a two-headed ogre
  9127 | D:9      | Killed a two-headed ogre
  9128 | D:9      | Reached skill level 14 in Fighting
  9256 | D:9      | HP: 4/100 [something (3)]
  9910 | D:8      | Killed a gargoyle
 10244 | D:9      | Found a staircase to the Orcish Mines.
 10253 | D:9      | Reached *** piety under Kikubaaqudgha
 10253 | D:9      | Received a gift from Kikubaaqudgha
 10309 | D:9      | Noticed a two-headed ogre
 10319 | D:9      | Killed a two-headed ogre
 10320 | D:9      | Reached skill level 15 in Fighting
 10320 | D:9      | Reached XP level 11. HP: 109/109 MP: 13/17
 10997 | Lair:1   | Entered Level 1 of the Lair of Beasts
 11027 | Lair:1   | Upgraded the game from 0.31-a0-271-gb88eb75e06 to
                  | 0.31-a0-277-g31ea1f65cc
 11399 | Lair:1   | Noticed a boulder beetle
 11432 | Lair:1   | Killed a boulder beetle
 11528 | Lair:1   | Reached skill level 5 in Dodging
 11727 | Lair:1   | Reached skill level 16 in Fighting
 11872 | Lair:1   | Found a snail-covered altar of Cheibriados.
 12157 | Lair:2   | Noticed a skyshark
 12173 | Lair:2   | Killed a skyshark
 12624 | Lair:2   | Noticed Erica
 12633 | Lair:2   | Killed Erica
 12634 | Lair:2   | Reached XP level 12. HP: 81/120 MP: 18/18
 12825 | Lair:2   | Found a staircase to the Snake Pit.
 12836 | Lair:2   | Reached **** piety under Kikubaaqudgha
 13085 | Lair:2   | Noticed a seven-headed hydra
 13103 | Lair:2   | Killed a seven-headed hydra
 13249 | Lair:2   | Reached skill level 17 in Fighting
 13542 | Lair:2   | Found a staircase to the Swamp.
 13569 | Lair:2   | Identified the +1 chain mail of Makhleb {+Inv}
 13773 | Lair:3   | Noticed a four-headed hydra
 13783 | Lair:3   | Killed a four-headed hydra
 14100 | Lair:3   | Identified the +0 scale mail "Ocaor" {-Tele Regen+ Str+8
                  | Dex+3}
 14416 | Lair:3   | Noticed a five-headed hydra
 14427 | Lair:3   | Killed a five-headed hydra
 14889 | Lair:3   | Noticed a four-headed hydra
 14901 | Lair:3   | Killed a four-headed hydra
 15532 | Lair:4   | Reached skill level 18 in Fighting
 15532 | Lair:4   | Gained mutation: You have very sharp fingernails. [demonic
                  | ancestry]
 15532 | Lair:4   | Reached XP level 13. HP: 121/130 MP: 17/19
 15675 | Lair:4   | Identified the +3 chain mail of Youthful Indiscretion
                  | {Str+2}
 15699 | Lair:4   | Reached skill level 10 in Dodging
 15747 | Lair:4   | Found a staircase to the Slime Pits.
 15747 | Lair:4   | Found a viscous altar of Jiyva.
 15770 | Lair:4   | Identified the +1 cloak of Aloceemy {rElec rN+}
 15823 | Lair:4   | Reached ***** piety under Kikubaaqudgha
 16606 | Lair:5   | Entered Level 5 of the Lair of Beasts
 17151 | Lair:5   | Reached skill level 19 in Fighting
 18460 | Lair:5   | Noticed a dire elephant
 18475 | Lair:5   | Killed a dire elephant
 18476 | Lair:5   | Gained mutation: A meltable icy envelope protects you from
                  | harm. (AC +0) [demonic ancestry]
 18476 | Lair:5   | Reached XP level 14. HP: 47/142 MP: 10/20
 18944 | D:10     | Entered Level 10 of the Dungeon
 19922 | D:10     | Found a broken altar of Ashenzari.
 20057 | D:11     | Reached skill level 20 in Fighting
 20253 | D:11     | Learned a level 4 spell: Dispel Undead
 20349 | D:11     | Identified the +1 plate armour of Sophism {rC+}
 21142 | D:12     | Reached ****** piety under Kikubaaqudgha
 21150 | D:12     | Received a gift from Kikubaaqudgha
 22186 | Orc:1    | Entered Level 1 of the Orcish Mines
 22189 | Orc:1    | Found Saemasos's Distillery.
 22248 | Orc:1    | Bought a potion of curing for 45 gold pieces
 22248 | Orc:1    | Bought a potion of invisibility for 120 gold pieces
 22248 | Orc:1    | Bought a potion of mutation for 120 gold pieces
 22248 | Orc:1    | Bought a potion of heal wounds for 75 gold pieces
 22248 | Orc:1    | Bought 2 potions of curing for 90 gold pieces
 22248 | Orc:1    | Bought a potion of heal wounds for 75 gold pieces
 22261 | Orc:1    | Reached skill level 5 in Spellcasting
 22441 | Orc:2    | Entered Level 2 of the Orcish Mines
 22469 | Orc:2    | Found a flickering gateway to a bazaar.
 22550 | Orc:2    | Noticed an orc warlord
 22575 | Bazaar   | Entered a bazaar
 22579 | Bazaar   | Found Ceobuducs's Distillery.
 22601 | Bazaar   | Found Zoepporu's Antique Armour Emporium.
 22622 | Bazaar   | Found Xuumomiq's Book Boutique.
 22642 | Bazaar   | Found Unisit's Book Shoppe.
 22669 | Bazaar   | Bought a potion of haste for 110 gold pieces
 22669 | Bazaar   | Bought a potion of brilliance for 44 gold pieces
 22669 | Bazaar   | Bought a potion of curing for 33 gold pieces
 22684 | Bazaar   | Bought a glowing leather armour for 125 gold pieces
 22774 | Orc:2    | Killed an orc warlord
 22877 | Orc:2    | Noticed Snorg
 22913 | Orc:2    | Killed Snorg
 23150 | Orc:2    | Noticed Azrael
 23187 | Orc:2    | Killed from afar by Azrael

Illustrated notes

Levels and vault maps discovered:
D:1:      arrival_zaba_pyramid, layout_basic, grunt_decor_one_mirror,
          moated_statue
D:2:      layout_loops_ring, minmay_pentomino_v2, uniq_natasha
D:3:      layout_rooms, minmay_misc_feat_ornament, minmay_close_crescents,
          uniq_jessica
D:4:      kennysheep_big_flooded_room, layout_loops_ring, elyvilon_altar_3,
          uniq_duvessa
D:5:      layout_rooms, minmay_temple_entry_glassed_door
D:6:      gammafunk_cloud_chamber, layout_basic, uniq_edmund
D:7:      layout_basic
D:8:      layout_loops_cross, trog_antimagical
D:9:      layout_basic, due_lair_maze_entry_diamond, david_orc_2, serial_shops,
          nicolae_shop_bloodbath_and_beyond, minmay_lizard_king
D:10:     layout_loops_ring, kennysheep_mini_moat, minmay_misc_feat_encased
D:11:     layout_long_grid, nicolae_figureground_sparkle
D:12:     layout_rooms
Temple:   nicolae_temple_bog_church
Lair:1:   layout_loops_ring, basic_altar
Lair:2:   layout_regular_city, swamp_mist, minmay_snake_entry_guardpost_large,
          grunt_forest_stairs_basic, serial_bayou_shore_a, uniq_erica
Lair:3:   layout_gridlike
Lair:4:   layout_cave_pods, minmay_slime_entry_pillars
Lair:5:   grunt_lair_end_beastmaster, layout_regular_city, serial_bayou_pond_c,
          grunt_megastairs_5
Orc:1:    layout_caves, serial_shops, shop
Orc:2:    st_orc_town, layout_caves, serial_shops, bzr_entry_lakeside,
          uniq_azrael, uniq_snorg, uniq_josephine

Skill      XL: |  1  2  3  4  5  6  7  8  9 10 11 12 13 14 |
---------------+-------------------------------------------+-----
Stealth        | 2 |  2.4
Dodging        | 2 6 9 12 | 12.0
Necromancy     | 5 6 7 9 |  9.6
Spellcasting   | 3 4 5 |  5.5
Fighting       | 1 5 9 12 15 16 18 19 20 | 20.0

Action                     |  1- 3 |  4- 6 |  7- 9 | 10-12 | 13-15 || total
---------------------------+-------+-------+-------+-------+-------++-------
  Melee: Short sword       |    15 |     1 |       |       |       ||    16
         Dagger            |       |     3 |   304 |   482 |   686 ||  1475
         Punch             |       |       |     5 |     7 |    17 ||    29
   Cast: Necrotise         |    95 |   124 |    32 |    20 |     9 ||   280
         Vampiric Draining |       |     1 |     8 |    16 |    14 ||    39
         Animate Dead      |       |       |     5 |    11 |     9 ||    25
 Invoke: Receive Forbidden |       |       |       |       |     1 ||     1
  Evoke: Box of beasts     |       |       |     1 |     1 |       ||     2
         Wand              |       |       |       |       |     1 ||     1
    Use: Potion            |       |     1 |       |       |     3 ||     4
         Scroll            |       |       |       |    20 |     6 ||    26
   Stab: Sleeping          |       |       |    11 |     7 |     5 ||    23
         Distracted        |       |       |       |     7 |     6 ||    13
         Invisible         |       |       |       |       |     5 ||     5
 Armour: Robe              |     5 |    19 |   131 |   217 |   212 ||   584
         Leather armour    |       |       |       |       |    23 ||    23
  Dodge: Dodged            |    16 |    29 |   126 |   303 |   484 ||   958
  Block: Other             |     2 |    14 |   117 |   246 |   322 ||   701
         Reflection        |       |       |     5 |     5 |     5 ||    15

Table legend: (Time is in decaauts)
 A = Elapsed time spent in this place.
 B = Non-inter-level travel time spent in this place.
 C = Inter-level travel time spent in this place.
 D = Time resting spent in this place.
 E = Time spent auto-exploring this place.
 F = Levels seen in this place.
 G = Mean time per level.
                   A        B        C        D        E       F      G
               +--------+--------+--------+--------+--------+-----+--------+
         Total |  23206 |  22503 |    703 |    250 |  18189 |  21 | 1105.0 |
       Dungeon |  14184 |  13765 |    419 |    143 |  11327 |  12 | 1182.0 |
        Temple |     74 |     58 |     16 |      0 |     38 |   1 |   74.0 |
          Lair |   7943 |   7687 |    256 |    107 |   6238 |   5 | 1588.6 |
  Orcish Mines |    827 |    816 |     11 |      0 |    502 |   2 |  413.5 |
        Bazaar |    175 |    175 |      0 |      0 |     83 |   1 |  175.0 |
               +--------+--------+--------+--------+--------+-----+--------+

Top non-repeatable levels by time:
  Lair:5: 2198 daAuts
     D:9: 2150 daAuts
  Lair:2: 1761 daAuts
     D:1: 1659 daAuts
  Lair:3: 1555 daAuts
  Lair:4: 1369 daAuts
     D:2: 1241 daAuts
     D:7: 1210 daAuts
    D:11: 1180 daAuts
     D:4: 1150 daAuts
  Lair:1: 1059 daAuts
     D:6: 999 daAuts
    D:10: 997 daAuts
    D:12: 985 daAuts
     D:8: 942 daAuts
